 Dungeon Crawl Stone Soup version 0.28.0-43-g3370ac3207 (webtiles) character file.

Game seed: 15190342225354762859

489 fknight the Poker (level 7, -7/60 HPs)
             Began as a Gnoll Berserker on Mar 6, 2022.
             Was a Priest of Trog.
             Mangled by an iguana (9 damage)
             ... on level 4 of the Dungeon.
             The game lasted 00:10:35 (3298 turns).

fknight the Poker (Gnoll Berserker)                 Turns: 3298, Time: 00:10:35

Health: -7/60      AC:  7    Str: 18    XL:     7   Next: 14%
Magic:  10/10      EV: 13    Int:  7    God:    Trog [***...]
Gold:   162        SH:  0    Dex: 15    Spells: 10/10 levels left

rFire   + . .      SeeInvis .   r - +7 long sword of Qahifeth {vamp, rF+ rN+ Dex+4}
rCold   . . .      Faith    .   (no shield)
rNeg    + . .      Spirit   .   m - +0 ring mail
rPois   .          Reflect  .   (no helmet)
rElec   .          Harm     .   A - +0 cloak
rCorr   .          Rampage  .   (no gloves)
Will    .....                   (no boots)
Stlth   +.........              (no amulet)
HPRegen 0.20/turn               (no ring)
MPRegen 0.12/turn               (no ring)

@: no status effects
A: fangs 1, strong nose, distributed training
a: Renounce Religion, Berserk, Trog's Hand


You were on level 4 of the Dungeon.
You worshipped Trog.
Trog was most pleased with you.
You visited 1 branch of the dungeon, and saw 4 of its levels.

You collected 162 gold pieces.

Inventory:

Hand Weapons
 a - a +0 spear
 n - a +0 hunting sling
 r - the +7 long sword of Qahifeth (weapon) {vamp, rF+ rN+ Dex+4}
   (You found it on level 2 of the Dungeon)

   It occasionally heals its wielder for a portion of the damage dealt when it
   wounds a living foe.
   Dex:       It affects your dexterity (+4).
   rF:        It protects you from fire.
   rN:        It protects you from negative energy.
 s - a +4 whip
 t - a +2 short sword of draining
Missiles
 e - 89 stones (quivered)
 q - 34 arrows
 w - 28 bolts
 y - 5 poisoned darts
 C - 2 curare-tipped darts
Armour
 b - a +0 animal skin
 c - a +0 leather armour
 m - a +0 ring mail (worn)
 A - a +0 cloak (worn)
Scrolls
 d - 3 scrolls of noise {unknown}
 g - a scroll of enchant armour {unknown}
 h - 2 scrolls of teleportation {unknown}
 k - a scroll of torment {unknown}
 l - 2 scrolls of magic mapping {unknown}
 o - a scroll of holy word {unknown}
 p - 2 scrolls of fog {unknown}
 B - a scroll of immolation {unknown}
Potions
 f - a potion of heal wounds {unknown}
 i - a potion of mutation {unknown}
 j - 3 potions of curing {unknown}
 u - a potion of might {unknown}
 v - a potion of brilliance {unknown}
 x - 2 potions of flight {unknown}
 z - 2 potions of invisibility {unknown}


   Skills:
 + Level 7.0 Fighting
 + Level 2.3 Short Blades
 + Level 2.3 Long Blades
 + Level 2.3 Axes
 + Level 2.3 Maces & Flails
 + Level 7.0 Polearms
 + Level 2.3 Staves
 + Level 2.3 Slings
 + Level 2.3 Bows
 + Level 2.3 Crossbows
 + Level 2.3 Throwing
 + Level 5.1 Armour
 + Level 5.1 Dodging
 + Level 2.3 Stealth
 + Level 2.3 Shields
 + Level 2.3 Unarmed Combat
 + Level 2.3 Spellcasting
 + Level 1.8 Conjurations
 + Level 1.8 Hexes
 + Level 1.8 Summonings
 + Level 1.8 Necromancy
 + Level 1.8 Translocations
 + Level 1.8 Transmutations
 + Level 1.8 Fire Magic
 + Level 1.8 Ice Magic
 + Level 1.8 Air Magic
 + Level 1.8 Earth Magic
 + Level 1.8 Poison Magic
 + Level 2.5 Invocations
 + Level 2.3 Evocations


You had 10 spell levels left.
You didn't know any spells.
Your spell library was empty.

Dungeon Overview and Level Annotations

Branches:
Dungeon (4/15)
 Temple: D:4-7

Altars:


Innate Abilities, Weirdness & Mutations

You have very sharp teeth.
Your uncanny sense of smell can sniff out nearby items.
Your experience applies equally to all skills.


Message History

Edmund closely misses you.
You barely miss Edmund. Your bite misses Edmund.
Edmund is almost dead.
Edmund asks, "Have you met my wondrous brother?"
Edmund hits you with a +1 flail of protection!
Edmund says, "I'm quite good with sums, too."
Edmund hits you with a +1 flail of protection!
You are too injured to fight recklessly!
You are too injured to fight recklessly!
You are too injured to fight recklessly!
You are too injured to fight recklessly!
You are too injured to fight recklessly!
You are too injured to fight recklessly!
You are too injured to fight recklessly!
You completely miss Edmund.
Edmund is almost dead.
Edmund hits you with a +1 flail of protection!
You slash Edmund!
You feel better.
You kill Edmund!
Trog accepts your kill.
Your Fighting skill increases to level 7!
Your Polearms skill increases to level 7!
You have reached level 7!
You closely miss the iguana. You punch the iguana, but do no damage.
The iguana barely misses you. The iguana bites you!
* * * LOW HITPOINT WARNING * * *
You closely miss the iguana. The iguana closely misses you.
You hit the iguana but do no damage. You bite the iguana, but do no damage.
The iguana bites you.
* * * LOW HITPOINT WARNING * * *
You slash the iguana!
You feel better.
The iguana is severely wounded.
The iguana bites you.
* * * LOW HITPOINT WARNING * * *
The iguana bites you!
* * * LOW HITPOINT WARNING * * *
You barely miss the iguana. You punch the iguana, but do no damage.
The iguana is severely wounded.
The iguana bites you!
You die...

...............#####.#..
.......................#
...............#######..
../.(.......(.. ##.
............... #.
#............[# #.
#...........# #. #l# #.
#@# ## ##†# # #..#
#.####### ##
#.......#### #.
#######....#######.
####......... #########.
#.


You could see an iguana.

Vanquished Creatures
  Edmund (D:4)
  2 ogres
  A water moccasin zombie (D:4)
  A hound (D:4)
  5 adders (D:3)
  2 worms
  4 dart slugs
  An orc (D:3)
  7 endoplasms
  4 giant cockroaches
  4 goblins
  6 hobgoblins
  4 jackals (D:2)
  3 quokkas
  9 ball pythons
  8 bats
  2 frilled lizards
  6 kobolds
  9 rats
79 creatures vanquished.

Vanquished Creatures (others)
  A fungus (D:2)
1 creature vanquished.

Grand Total: 80 creatures vanquished

Notes
Turn   | Place    | Note
-------+----------+-------------------------------------------
     0 | D:1      | fknight the Gnoll Berserker began the quest for the Orb.
     0 | D:1      | Reached XP level 1. HP: 23/23 MP: 1/1
   297 | D:1      | Reached XP level 2. HP: 24/29 MP: 2/2
  1081 | D:1      | Reached XP level 3. HP: 28/35 MP: 3/3
  1147 | D:1      | Reached ** piety under Trog
  1421 | D:2      | Identified the +7 long sword of Qahifeth {vamp, rF+ rN+
                  | Dex+4}
  1551 | D:2      | Reached skill level 1 in Invocations
  1655 | D:2      | Noticed an ogre
  1662 | D:2      | Killed an ogre
  1663 | D:2      | Reached skill level 1 in Short Blades
  1663 | D:2      | Reached skill level 1 in Long Blades
  1663 | D:2      | Reached skill level 1 in Axes
  1663 | D:2      | Reached skill level 1 in Maces & Flails
  1663 | D:2      | Reached skill level 1 in Staves
  1663 | D:2      | Reached skill level 1 in Slings
  1663 | D:2      | Reached skill level 1 in Bows
  1663 | D:2      | Reached skill level 1 in Crossbows
  1663 | D:2      | Reached skill level 1 in Throwing
  1663 | D:2      | Reached skill level 1 in Stealth
  1663 | D:2      | Reached skill level 1 in Shields
  1663 | D:2      | Reached skill level 1 in Unarmed Combat
  1663 | D:2      | Reached skill level 1 in Spellcasting
  1663 | D:2      | Reached skill level 1 in Conjurations
  1663 | D:2      | Reached skill level 1 in Hexes
  1663 | D:2      | Reached skill level 1 in Summonings
  1663 | D:2      | Reached skill level 1 in Necromancy
  1663 | D:2      | Reached skill level 1 in Translocations
  1663 | D:2      | Reached skill level 1 in Transmutations
  1663 | D:2      | Reached skill level 1 in Fire Magic
  1663 | D:2      | Reached skill level 1 in Ice Magic
  1663 | D:2      | Reached skill level 1 in Air Magic
  1663 | D:2      | Reached skill level 1 in Earth Magic
  1663 | D:2      | Reached skill level 1 in Poison Magic
  1663 | D:2      | Reached skill level 1 in Evocations
  1663 | D:2      | Reached XP level 4. HP: 20/41 MP: 5/5
  1663 | D:2      | Reached XP level 5. HP: 23/47 MP: 6/6
  2115 | D:2      | Found a faded altar of an unknown god.
  2961 | D:4      | Reached XP level 6. HP: 46/53 MP: 8/8
  3034 | D:4      | Reached *** piety under Trog
  3055 | D:4      | Reached skill level 5 in Armour
  3055 | D:4      | Reached skill level 5 in Dodging
  3271 | D:4      | Noticed Edmund
  3293 | D:4      | Killed Edmund
  3294 | D:4      | Reached XP level 7. HP: 21/60 MP: 10/10
  3297 | D:4      | HP: 2/60 [iguana (10)]
  3298 | D:4      | Mangled by an iguana

Illustrated notes

Levels and vault maps discovered:
D:1:      dpeg_arrival_round_a, layout_loops_corners, minmay_hexomino_f4
D:2:      minmay_spotlight, layout_basic, shapermc_ecumenical_altar_acropolis
D:3:      layout_basic
D:4:      layout_rooms, serial_shops, kennysheep_mini, uniq_edmund

Skill      XL: |  1  2  3  4  5  6 |
---------------+-------------------+-----
Invocations    | 1 2 |  2.5
Short Blades   | 1 2 |  2.3
Long Blades    | 1 2 |  2.3
Axes           | 1 2 |  2.3
Maces & Flails | 1 2 |  2.3
Staves         | 1 2 |  2.3
Slings         | 1 2 |  2.3
Bows           | 1 2 |  2.3
Crossbows      | 1 2 |  2.3
Throwing       | 1 2 |  2.3
Stealth        | 1 2 |  2.3
Shields        | 1 2 |  2.3
Unarmed Combat | 1 2 |  2.3
Spellcasting   | 1 2 |  2.3
Conjurations   | 1 |  1.8
Hexes          | 1 |  1.8
Summonings     | 1 |  1.8
Necromancy     | 1 |  1.8
Translocations | 1 |  1.8
Transmutations | 1 |  1.8
Fire Magic     | 1 |  1.8
Ice Magic      | 1 |  1.8
Air Magic      | 1 |  1.8
Earth Magic    | 1 |  1.8
Poison Magic   | 1 |  1.8
Evocations     | 1 2 |  2.3
Armour         | 5 |  5.1
Dodging        | 5 |  5.1
Fighting       | 7 |  7.0
Polearms       | 7 |  7.0

Action                   |  1- 3 |  4- 6 |  7- 9 || total
-------------------------+-------+-------+-------++-------
Melee: Spear             |    86 |       |       ||    86
       Bite              |     6 |     8 |     1 ||    15
       Long sword        |    17 |   104 |     5 ||   126
       Punch             |       |     1 |     2 ||     3
 Stab: Sleeping          |     2 |       |       ||     2
Armor: Leather armour    |     6 |       |       ||     6
       Animal skin       |     2 |       |       ||     2
       Ring mail         |     8 |    33 |       ||    41
Dodge: Dodged            |    50 |    78 |     2 ||   130
